General information
- name: BNet
- type: Ladder team game (AT/RT)
- host: Battle.net
- saver: wakandaisreal
map: MarketSquare
- players: 8
- length: 22:10
- speed: Fast
- version: 1.28 W3XP
- replay type: Public
» download(216 KB)
Players
team 1 (loser)
bobbyd16 (
orange | 53 APM | 976 actions | 18:25)
5 Mountain King
3 Storm Bolt
2 Thunder Clap
» actions
| Build / train | 61 | |
| ESC pressed | 1 | |
| Enter build submenu | 29 | |
| Enter hero's abilities submenu | 5 | |
| Remove unit from queue | 1 | |
| Right click | 568 | |
| Select / deselect | 261 | |
| Use ability | 50 | |
976 total
» units
| Peasant | 31 | |
| Footman | 11 | |
| Gryphon Rider | 4 | |
46 total
» upgrades
| Lumber Harvesting | 1 | |
| Storm Hammers | 1 | |
2 total
» buildings
| Altar of Kings | 1 | |
| Farm | 15 | |
| Barracks | 1 | |
| Keep | 1 | |
| Lumber Mill | 1 | |
| Blacksmith | 1 | |
| Arcane Vault | 1 | |
| Castle | 1 | |
| Gryphon Aviary | 3 | |
| Scout Tower | 5 | |
| Guard Tower | 3 | |
33 total
» build order
00:09 Altar of Kings
00:14 Farm
00:23 Barracks
00:54 Farm
01:45 Farm
02:22 Farm
03:30 Farm
04:46 Keep
05:03 Lumber Mill
05:51 Blacksmith
05:53 Arcane Vault
05:56 Farm
06:34 Farm
07:13 Castle
07:34 Gryphon Aviary
08:26 Farm
08:33 Gryphon Aviary
11:47 Farm
12:39 Farm
12:41 Farm
12:56 Scout Tower
13:14 Guard Tower
13:15 Scout Tower
13:21 Farm
13:24 Farm
13:28 Gryphon Aviary
13:36 Guard Tower
14:19 Scout Tower
14:53 Scout Tower
15:29 Farm
15:45 Guard Tower
16:01 Scout Tower
16:08 Farm
wakandaisreal (
teal | 35 APM | 783 actions | 22:10)
5 Paladin
1 Devotion Aura
3 Holy Light
1 Divine Shield
» actions
| Assign group hotkey | 36 | |
| Basic commands | 16 | |
| Build / train | 51 | |
| Enter build submenu | 15 | |
| Enter hero's abilities submenu | 5 | |
| Right click | 381 | |
| Select / deselect | 156 | |
| Select group hotkey | 52 | |
| Use ability | 71 | |
783 total
» units
» upgrades
| Masonry | 3 | |
| Lumber Harvesting | 2 | |
| Magic Sentry | 1 | |
6 total
» buildings
| Lumber Mill | 1 | |
| Farm | 7 | |
| Scout Tower | 12 | |
| Arcane Tower | 3 | |
| Guard Tower | 7 | |
| Keep | 1 | |
| Altar of Kings | 1 | |
| Arcane Sanctum | 1 | |
| Castle | 1 | |
| Blacksmith | 1 | |
| Arcane Vault | 2 | |
37 total
» build order
00:31 Lumber Mill
01:18 Farm
01:20 Farm
01:24 Scout Tower
01:25 Scout Tower
01:30 Farm
01:31 Farm
01:32 Farm
01:33 Scout Tower
01:34 Scout Tower
01:36 Scout Tower
01:37 Scout Tower
02:19 Arcane Tower
02:56 Guard Tower
03:55 Guard Tower
03:57 Guard Tower
04:09 Guard Tower
04:29 Guard Tower
04:31 Keep
04:40 Farm
04:41 Farm
04:43 Scout Tower
04:45 Scout Tower
04:46 Scout Tower
04:47 Scout Tower
04:48 Scout Tower
04:49 Scout Tower
07:35 Arcane Tower
07:36 Guard Tower
07:37 Arcane Tower
07:38 Guard Tower
07:44 Altar of Kings
07:47 Arcane Sanctum
09:03 Castle
13:08 Blacksmith
18:22 Arcane Vault
19:19 Arcane Vault
» items
| Scroll of Town Portal | 2 | |
| Boots of Speed | 1 | |
| Periapt of Vitality | 1 | |
| Staff of Teleportation | 1 | |
| Potion of Mana | 1 | |
| Potion of Healing | 3 | |
| Orb of Fire | 1 | |
10 total
mui25 (
red | 63 APM | 1349 actions | 21:31)
6 Blademaster
3 Wind Walk
1 Critical Strike
1 Mirror Image
1 Bladestorm
» actions
| Assign group hotkey | 38 | |
| Basic commands | 11 | |
| Build / train | 62 | |
| Enter build submenu | 20 | |
| Enter hero's abilities submenu | 6 | |
| Remove unit from queue | 1 | |
| Right click | 249 | |
| Select / deselect | 239 | |
| Select group hotkey | 676 | |
| Use ability | 47 | |
1349 total
» units
| Peon | 14 | |
| Grunt | 8 | |
| Troll Headhunter/Berserker | 3 | |
| Tauren | 11 | |
36 total
» upgrades
| Armor | 2 | |
| Melee Weapons | 2 | |
| Berserker Strength | 1 | |
| Reinforced Defenses | 1 | |
| Pulverize | 1 | |
| Berserker Upgrade | 1 | |
| Troll Regeneration | 1 | |
9 total
» buildings
| Altar of Storms | 1 | |
| Orc Burrow | 7 | |
| War Mill | 1 | |
| Barracks | 1 | |
| Watch Tower | 3 | |
| Voodoo Lounge | 1 | |
| Stronghold | 1 | |
| Fortress | 1 | |
| Tauren Totem | 3 | |
| Great Hall | 1 | |
20 total
» build order
00:09 Altar of Storms
00:14 Orc Burrow
00:48 War Mill
01:43 Orc Burrow
02:07 Barracks
02:16 Watch Tower
02:47 Voodoo Lounge
03:36 Stronghold
04:56 Watch Tower
04:58 Watch Tower
05:33 Orc Burrow
06:50 Fortress
07:08 Orc Burrow
09:47 Tauren Totem
09:48 Tauren Totem
11:31 Orc Burrow
13:06 Tauren Totem
15:52 Great Hall
16:20 Orc Burrow
16:23 Orc Burrow
» items
| Healing Salve | 1 | |
| Potion of Lesser Invulnerability | 1 | |
| Potion of Healing | 1 | |
| Scroll of Town Portal | 4 | |
7 total
Troylee (
blue | 66 APM | 1474 actions | 22:10)
6 Priestess of the Moon
2 Searing Arrows
3 Trueshot Aura
1 Starfall
5 Keeper of the Grove
3 Entangling Roots
2 Thorns Aura
2 Dark Ranger
1 Black Arrow
1 Life Drain
» actions
| Basic commands | 5 | |
| Build / train | 86 | |
| Enter build submenu | 19 | |
| Enter hero's abilities submenu | 13 | |
| Give item / drop item | 1 | |
| Right click | 822 | |
| Select / deselect | 479 | |
| Use ability | 49 | |
1474 total
» units
| Wisp | 18 | |
| Archer | 15 | |
| Rogue | 1 | |
| Assassin | 1 | |
| Chimaera | 9 | |
| Hippogryph | 6 | |
50 total
» upgrades
| Strength of the Wild | 2 | |
| Reinforced Hides | 2 | |
| Ultravision | 1 | |
| Well Spring | 1 | |
| Corrosive Breath | 1 | |
7 total
» buildings
| Altar of Elders | 1 | |
| Moon Well | 7 | |
| Ancient of War | 2 | |
| Tree of Ages | 2 | |
| Hunter's Hall | 1 | |
| Ancient of Wonders | 1 | |
| Tree of Eternity | 2 | |
| Ancient of Wind | 1 | |
| Chimaera Roost | 3 | |
| Tree of Life | 1 | |
21 total
» build order
00:21 Altar of Elders
00:34 Moon Well
01:29 Ancient of War
01:47 Ancient of War
02:09 Moon Well
02:25 Moon Well
03:11 Moon Well
04:26 Tree of Ages
04:26 Tree of Ages
07:50 Hunter's Hall
07:55 Ancient of Wonders
09:38 Tree of Eternity
09:38 Tree of Eternity
11:05 Ancient of Wind
13:13 Chimaera Roost
13:19 Chimaera Roost
13:23 Chimaera Roost
15:56 Tree of Life
16:40 Moon Well
19:10 Moon Well
20:38 Moon Well
» items
| Scroll of Town Portal | 2 | |
| Lesser Clarity Potion | 1 | |
| Orb of Venom | 1 | |
4 total
team 2 (winner)
GrosTabarnak (
green | 50 APM | 1112 actions | 22:10)
5 Far Seer
2 Feral Spirit
3 Chain Lighting
2 Tauren Chieftain
1 War Stomp
1 Endurance Aura
» actions
| Assign group hotkey | 44 | |
| Basic commands | 46 | |
| Build / train | 76 | |
| Enter build submenu | 21 | |
| Enter hero's abilities submenu | 7 | |
| Give item / drop item | 1 | |
| Remove unit from queue | 3 | |
| Right click | 233 | |
| Select / deselect | 186 | |
| Select group hotkey | 438 | |
| Use ability | 57 | |
1112 total
» units
| Peon | 10 | |
| Grunt | 8 | |
| Troll Headhunter/Berserker | 8 | |
| Shaman | 7 | |
| Raider | 6 | |
| Tauren | 4 | |
43 total
» upgrades
| Pillage | 1 | |
| Ranged Weapons | 1 | |
| Melee Weapons | 2 | |
| Armor | 2 | |
| Berserker Strength | 1 | |
| Shaman Training | 2 | |
| Berserker Upgrade | 1 | |
| Ensnare | 1 | |
| Pulverize | 1 | |
| Troll Regeneration | 1 | |
13 total
» buildings
| Altar of Storms | 1 | |
| Orc Burrow | 6 | |
| Barracks | 1 | |
| War Mill | 1 | |
| Voodoo Lounge | 1 | |
| Stronghold | 1 | |
| Fortress | 1 | |
| Spirit Lodge | 1 | |
| Beastiary | 1 | |
| Tauren Totem | 1 | |
| Watch Tower | 6 | |
| Great Hall | 1 | |
22 total
» build order
00:08 Altar of Storms
00:15 Orc Burrow
00:48 Barracks
01:42 Orc Burrow
02:26 War Mill
02:42 Orc Burrow
04:22 Voodoo Lounge
04:35 Stronghold
06:12 Orc Burrow
06:59 Fortress
07:09 Spirit Lodge
09:16 Beastiary
11:13 Tauren Totem
13:00 Watch Tower
14:58 Watch Tower
15:29 Orc Burrow
17:15 Watch Tower
17:34 Orc Burrow
18:23 Watch Tower
19:39 Watch Tower
21:29 Great Hall
21:33 Watch Tower
» items
| Scroll of Regeneration | 1 | |
| Scroll of Town Portal | 2 | |
| Moonstone | 1 | |
| Lesser Clarity Potion | 2 | |
6 total
Teqa (
yellow | 107 APM | 2382 actions | 22:10)
5 Death Knight
3 Death Coil
2 Unholy Aura
5 Lich
3 Frost Nova
2 Frost Armor
» actions
| Assign group hotkey | 35 | |
| Basic commands | 1 | |
| Build / train | 62 | |
| Enter build submenu | 14 | |
| Enter hero's abilities submenu | 10 | |
| Give item / drop item | 3 | |
| Right click | 1352 | |
| Select / deselect | 252 | |
| Select group hotkey | 561 | |
| Use ability | 92 | |
2382 total
» units
| Acolyte | 2 | |
| Ghoul | 4 | |
| Crypt Fiend | 12 | |
| Frost Wyrm | 15 | |
33 total
» upgrades
» buildings
| Altar of Darkness | 1 | |
| Ziggurat | 6 | |
| Crypt | 1 | |
| Tomb of Relics | 1 | |
| Graveyard | 1 | |
| Nerubian Tower | 2 | |
| Halls of the Dead | 2 | |
| Black Citadel | 2 | |
| Sacrificial Pit | 1 | |
| Boneyard | 2 | |
19 total
» build order
00:08 Altar of Darkness
00:11 Ziggurat
00:33 Crypt
00:49 Tomb of Relics
01:12 Graveyard
01:38 Ziggurat
02:18 Nerubian Tower
02:18 Nerubian Tower
03:21 Ziggurat
04:05 Halls of the Dead
04:05 Halls of the Dead
05:26 Ziggurat
06:29 Black Citadel
06:29 Black Citadel
07:46 Sacrificial Pit
07:48 Ziggurat
08:21 Ziggurat
09:14 Boneyard
09:15 Boneyard
» items
| Rod of Necromancy | 1 | |
| Dust of Appearance | 1 | |
| Scroll of Town Portal | 2 | |
| Potion of Healing | 2 | |
| Orb of Corruption | 1 | |
7 total
Maroons02 (
purple | 83 APM | 1851 actions | 22:10)
6 Blood Mage
2 Banish
3 Siphon Mana
1 Summon Phoenix
» actions
| Assign group hotkey | 34 | |
| Build / train | 77 | |
| ESC pressed | 1 | |
| Enter build submenu | 29 | |
| Enter hero's abilities submenu | 7 | |
| Remove unit from queue | 2 | |
| Right click | 818 | |
| Select / deselect | 330 | |
| Select group hotkey | 506 | |
| Use ability | 47 | |
1851 total
» units
| Peasant | 12 | |
| Footman | 8 | |
| Rifleman | 22 | |
| Siege Engine | 8 | |
50 total
» upgrades
| Gunpowder | 3 | |
| Armor | 1 | |
| Long Rifles | 1 | |
| Lumber Harvesting | 2 | |
| Plating | 1 | |
| Barrage | 1 | |
9 total
» buildings
| Altar of Kings | 1 | |
| Barracks | 1 | |
| Farm | 13 | |
| Scout Tower | 2 | |
| Arcane Vault | 1 | |
| Arcane Tower | 1 | |
| Lumber Mill | 1 | |
| Keep | 2 | |
| Blacksmith | 1 | |
| Guard Tower | 1 | |
| Castle | 1 | |
| Workshop | 1 | |
| Town Hall | 2 | |
28 total
» build order
00:14 Altar of Kings
00:43 Barracks
00:50 Farm
01:05 Farm
02:08 Scout Tower
02:11 Farm
02:19 Arcane Vault
02:47 Arcane Tower
03:41 Farm
03:47 Farm
04:27 Scout Tower
04:30 Farm
05:24 Lumber Mill
05:27 Keep
05:27 Keep
06:02 Farm
06:06 Farm
06:14 Blacksmith
06:59 Guard Tower
07:13 Farm
07:17 Farm
07:23 Farm
07:26 Farm
10:02 Castle
10:08 Workshop
12:06 Town Hall
15:27 Town Hall
20:05 Farm
» items
| Scroll of Regeneration | 2 | |
| Lesser Clarity Potion | 1 | |
| Orb of Fire | 1 | |
4 total
atyab123 (
pink | 29 APM | 649 actions | 22:10)
4 Demon Hunter
2 Immolation
2 Evasion
5 Keeper of the Grove
2 Force of Nature
3 Entangling Roots
» actions
| Build / train | 76 | |
| Enter build submenu | 13 | |
| Enter hero's abilities submenu | 9 | |
| Right click | 176 | |
| Select / deselect | 328 | |
| Use ability | 47 | |
649 total
» units
| Wisp | 9 | |
| Archer | 29 | |
| Huntress | 11 | |
| Dryad | 5 | |
| Druid of the Claw | 4 | |
58 total
» upgrades
| Strength of the Moon | 1 | |
| Strength of the Wild | 1 | |
| Abolish Magic | 1 | |
| Druid of the Claw Training | 1 | |
| Moon Armor | 1 | |
5 total
» buildings
| Ancient of War | 2 | |
| Altar of Elders | 1 | |
| Moon Well | 7 | |
| Hunter's Hall | 1 | |
| Tree of Ages | 1 | |
| Ancient of Wonders | 1 | |
| Ancient of Lore | 1 | |
14 total
» build order
00:28 Ancient of War
00:35 Altar of Elders
00:46 Moon Well
02:02 Moon Well
02:43 Hunter's Hall
04:17 Tree of Ages
06:06 Moon Well
07:27 Ancient of War
07:50 Ancient of Wonders
08:46 Ancient of Lore
09:00 Moon Well
14:30 Moon Well
21:48 Moon Well
21:53 Moon Well
Chat log
(00:09 / All) Troylee: hi noobs
(00:49 / All) wakandaisreal: I can't wait to see Panther of Color
(00:58 / All) wakandaisreal: I'm going to clap the whole way through and 10 minutes after closing credits
(01:01 / All) wakandaisreal: to prove I'm not racist
(01:10 / All) bobbyd16: lol
(01:12 / All) Maroons02: i think you just did
(01:32 / All) bobbyd16: do any black ppl play this game
(01:42 / All) Troylee: i wish they dont
(01:49 / All) wakandaisreal: I'm trans-African-American
(01:55 / All) GrosTabarnak: you know black panther being black is not new
(01:56 / All) bobbyd16: id say maybe only 5% do
(01:56 / All) Troylee: shit
(01:59 / All) wakandaisreal: trans-Person-of-Color
(03:47 / All) wakandaisreal: Panther of Color is the first black superhero movie
(03:51 / All) wakandaisreal: I hope they adapt Blade next
(08:07 / Allies) bobbyd16: help
(08:10 / Allies) Troylee: omg
(08:20 / Allies) mui25: omg teal has nothing
(08:29 / Allies) Troylee: teal sucks
(08:52 / Allies) bobbyd16: tp ASAP
(08:52 / Allies) wakandaisreal: HELP
(08:54 / Allies) wakandaisreal: RUSH
(08:55 / Allies) wakandaisreal: HELP
(09:07 / Allies) bobbyd16: TP
(09:07 / Allies) bobbyd16: TP
(09:07 / Allies) Troylee: stfu teal noob
(09:08 / Allies) bobbyd16: TP
(09:14 / Allies) Troylee: dont tp red
(09:20 / Allies) wakandaisreal: TP OR WE LOSE NOOBS!
(09:32 / Allies) Troylee: we already lose with u noob
(09:47 / Allies) bobbyd16: fucking tp
(09:50 / Allies) wakandaisreal: TP
(09:50 / Allies) bobbyd16: u fucking faggots
(09:55 / Allies) Troylee: ok go red
(09:57 / Allies) Troylee: gg we lose
(10:37 / Allies) mui25: how are we winning?!?!?!
(10:45 / Allies) Troylee: idk
(10:51 / Allies) mui25: what the fuck is giong on2n2n2n1
(10:58 / Allies) mui25: i don't understand....
(11:07 / Allies) wakandaisreal: AT DAWN LOOK TO THE EAST
(13:05 / Allies) Troylee: starfall here ;)
(13:42 / Allies) bobbyd16: tp
(13:47 / Allies) Troylee: orange and teal are so bad
(14:12 / Allies) bobbyd16: FUCKING HEL
(14:21 / Allies) Troylee: u have nothing
(14:56 / Allies) bobbyd16: GOLD ASAP
(15:12 / Allies) Troylee: b
(16:25 / Allies) bobbyd16: tp
(16:30 / Allies) Troylee: ....
(18:16 / All) Troylee: teal so bad
(18:16 / All) bobbyd16: stupid ass fucking team
(18:22 / All) bobbyd16: i held my own
(18:24 / All) Troylee: oirange you suck kid
(19:19 / Allies) Troylee: teal what u doing man ?
(19:40 / Allies) Troylee: teal ?
(20:01 / Allies) Troylee: teal ????
(20:03 / Allies) wakandaisreal: what
(20:07 / Allies) Troylee: what you doing ?
(20:10 / Allies) wakandaisreal: having fun
(20:18 / Allies) Troylee: play solo please
(20:23 / Allies) wakandaisreal: that's no fun
(20:25 / Allies) mui25: they have no expos
(20:53 / Allies) wakandaisreal: lawl
(20:56 / Allies) wakandaisreal: blue is such a punk
(21:02 / Allies) Troylee: im having fun
(21:07 / Allies) wakandaisreal: I fed you gold it's not my fault you can only mass chim
(21:17 / Allies) wakandaisreal: pussy gave up LOL
(21:18 / Allies) Troylee: you did nothing noob
(21:27 / Allies) mui25: ahh fu k this
(21:49 / Allies) Troylee: àwe shouldve won easy
(21:53 / All) wakandaisreal: I fed blue tons of gold all he could do was mass chim against wyrm and mass AA
(21:55 / All) wakandaisreal: lmao
(21:58 / All) wakandaisreal: now he's tking
(22:01 / All) wakandaisreal: what a baby